 Dungeon Sprint DCSS version 0.26.1-2-gb8aa6d0cf2 (webtiles) character file.

Game seed: 16774783103399674477

3600000 Groucho the Formicid Barricade (level 22, -21/212 HPs)
             Began as a Formicid Fighter on Feb 14, 2021.
             Was a High Priest of Makhleb.
             Demolished by a large bag of meat
             ... wielding a +9 giant spiked club
              (102 damage)
             ... in the Dungeon (Sprint VIII: "Arena of Blood").
             The game lasted 00:02:07 (36 turns).

Groucho the Formicid Barricade (Formicid Fighter)     Turns: 36, Time: 00:02:07

Health: -21/212    AC: 13    Str: 22    XL:     22   Next: 80%
Magic:  21/39      EV: 29    Int: 10    God:    Makhleb [*****.]
Gold:   0          SH: 19    Dex: 17    Spells: 21/21 levels left

rFire    . . .     SeeInvis +   h - +∞ Axe of Woe
rCold    . . .     Faith    .   c - +0 kite shield
rNeg     . . .     Spirit   .   b - +0 scale mail
rPois    .         Reflect  .   (helmet unavailable)
rElec    .         Harm     .   (no cloak)
rCorr    .         Rampage  .   (no gloves)
Will     ++...                  (no boots)
Stlth    ..........             (no amulet)
HPRegen  0.45/turn              (no ring)
MPRegen  0.26/turn              (no ring)

@: no status effects
A: permanent stasis, dig shafts and tunnels, four strong arms, antennae 3
a: Dig, Renounce Religion, Minor Destruction, Lesser Servant of Makhleb, Major
Destruction, Greater Servant of Makhleb


You were in the Dungeon.
You worshipped Makhleb.
Makhleb was extremely pleased with you.
You visited 1 branch

Inventory:

Hand Weapons
 a - a +0 war axe
 h - the +∞ Axe of Woe (weapon)
   (You found it in the Dungeon)
Armour
 b - a +0 scale mail (worn)
 c - a +0 kite shield (worn)
Potions
 d - a potion of might
 e - a potion of curing
 f - a potion of heal wounds
 g - 2 potions of magic


   Skills:
 O Level 27 Fighting
 + Level 18.0(20.7) Short Blades
 + Level 18.0(20.7) Long Blades
 O Level 27 Axes
 + Level 18.0(26.0) Maces & Flails
 + Level 18.0(26.0) Polearms
 + Level 18.0(22.8) Staves
 O Level 27 Armour
 O Level 27 Dodging
 O Level 27 Shields
 + Level 18.0 Unarmed Combat
 O Level 27 Invocations


You had 21 spell levels left.
You didn't know any spells.
Your spell library was empty.

Dungeon Overview and Level Annotations

Branches:
Dungeon (1/1)

Altars:
Makhleb

Annotations:
D The Servant


Innate Abilities, Weirdness & Mutations

You cannot be hasted, slowed, berserked, paralysed or teleported.
You can dig through walls and to a lower floor.
Your four strong arms can wield two-handed weapons with a shield.
You have a pair of large antennae on your head. (SInv)


Message History

You hear a shout! x6
The Servant is engulfed in blazing flames.
The Servant hits you from afar with a +9 glaive of flaming!!!
The Servant burns you!!
Your base Short Blades skill gained 2 levels and is now at level 18!
Your base Long Blades skill gained 2 levels and is now at level 18!
Your base Maces & Flails skill gained 2 levels and is now at level 18!
Your base Polearms skill gained 2 levels and is now at level 18!
Your base Staves skill gained 2 levels and is now at level 18!
Your Unarmed Combat skill gained 2 levels and is now at level 18!
Unknown command.
Press < or > to pray at altars. 3 orcs and a skeletal warrior come into view.
The bag of meat shouts! x2
You block the meat berserker's attack.
You hear a shout! x3
The large bag of meat is engulfed in blazing flames.
The large bag of meat hits you with a +9 giant spiked club!!!
The large bag of meat hits you with a +9 giant spiked club!!!!
You die...

..... .. #... ..#
. #... ..#
..###... ..###.
......###......
..V..§o§....
#..§V§# . #_O@O§#
. ....#.O@).#....
......)_........
{.V....###.......
..###... ..###..
. #oO. ..# .
{#... ..# .....
..z o. ....


You could see The Servant, 3 destroyers, a sculptor of flesh, a large bag of
meat (inner flame), 2 meat berserkers and 3 bags of meat.

Vanquished Creatures
  2 vampire knights (D)
  7 ogres (D)
  A two-headed ogre (D)
  9 orcs (D)
19 creatures vanquished.

Notes
Turn   | Place    | Note
-------+----------+-------------------------------------------
     0 | D        | Found the +∞ Axe of Woe
     0 | D        | Groucho the Formicid Fighter began the quest for the Orb.
     0 | D        | Reached XP level 1. HP: 18/18 MP: 1/1
     2 | D        | Noticed a bag of meat
     4 | D        | Became a worshipper of Makhleb the Destroyer
     6 | D        | Noticed a bag of meat
     7 | D        | Noticed a meat berserker
     8 | D        | Killed a bag of meat
     8 | D        | Noticed a meat berserker
     8 | D        | Noticed a meat berserker
     8 | D        | Noticed a bag of meat
     9 | D        | Reached skill level 15 in Shields
     9 | D        | Reached XP level 2. HP: 43/43 MP: 2/2
     9 | D        | Reached XP level 3. HP: 49/49 MP: 3/3
     9 | D        | Reached XP level 4. HP: 56/56 MP: 4/4
     9 | D        | Reached XP level 5. HP: 62/62 MP: 5/5
     9 | D        | Reached XP level 6. HP: 69/69 MP: 6/6
     9 | D        | Reached XP level 7. HP: 75/75 MP: 7/7
     9 | D        | Reached XP level 8. HP: 82/82 MP: 8/8
     9 | D        | Reached XP level 9. HP: 88/88 MP: 9/9
     9 | D        | Reached XP level 10. HP: 95/95 MP: 10/10
     9 | D        | Reached XP level 11. HP: 101/101 MP: 11/11
     9 | D        | Reached XP level 12. HP: 108/108 MP: 12/12
     9 | D        | Noticed a bag of meat
    10 | D        | Noticed a bag of meat
    10 | D        | Noticed a bag of meat
    11 | D        | Killed a bag of meat
    11 | D        | Reached * piety under Makhleb
    11 | D        | Noticed a bag of meat
    12 | D        | Reached skill level 15 in Axes
    12 | D        | Reached XP level 13. HP: 119/119 MP: 13/13
    12 | D        | Killed a meat berserker
    12 | D        | Killed a meat berserker
    12 | D        | Killed a meat berserker
    12 | D        | Reached ** piety under Makhleb
    12 | D        | Noticed a bag of meat
    12 | D        | Noticed a bag of meat
    12 | D        | Noticed a meat berserker
    13 | D        | Reached XP level 14. HP: 141/141 MP: 14/14
    13 | D        | Reached XP level 15. HP: 148/148 MP: 15/15
    13 | D        | Reached XP level 16. HP: 155/155 MP: 16/16
    14 | D        | Reached XP level 17. HP: 164/164 MP: 17/17
    16 | D        | Reached *** piety under Makhleb
    17 | D        | Reached XP level 18. HP: 175/175 MP: 18/18
    17 | D        | Killed a meat berserker
    18 | D        | Reached skill level 27 in Shields
    19 | D        | Reached **** piety under Makhleb
    20 | D        | Reached skill level 27 in Fighting
    20 | D        | Reached skill level 27 in Armour
    20 | D        | Reached XP level 19. HP: 189/189 MP: 19/19
    20 | D        | Noticed a destroyer
    20 | D        | Noticed a meat berserker
    21 | D        | Noticed a meat berserker
    22 | D        | Noticed a large bag of meat
    25 | D        | Killed a meat berserker
    25 | D        | Killed a meat berserker
    26 | D        | Reached skill level 27 in Axes
    26 | D        | Reached skill level 27 in Dodging
    26 | D        | Reached XP level 20. HP: 197/197 MP: 19/37
    27 | D        | Killed a destroyer
    27 | D        | Reached ***** piety under Makhleb
    27 | D        | Noticed a large bag of meat
    28 | D        | Reached skill level 27 in Invocations
    28 | D        | Reached XP level 21. HP: 204/204 MP: 19/38
    28 | D        | Noticed a destroyer
    28 | D        | Noticed a meat berserker
    28 | D        | Noticed The Servant
    30 | D        | Killed a large bag of meat
    30 | D        | Noticed a destroyer
    30 | D        | Noticed a meat berserker
    31 | D        | Noticed a destroyer
    32 | D        | Killed a destroyer
    32 | D        | Noticed a meat berserker
    33 | D        | Reached XP level 22. HP: 170/212 MP: 20/39
    34 | D        | Noticed a destroyer
    35 | D        | Killed a meat berserker
    36 | D        | Demolished by a large bag of meat

Illustrated notes

Levels and vault maps discovered:
D:        meatsprint

Skill      XL: |  1  2  3  4  5  6  7  8  9 10 11 12 13 14 15 16 17 18 19 20 21 22 |
---------------+-------------------------------------------------------------------+-----
Fighting       | 14 16 22 23 24 27 | 27.0
Axes           | 13 15 20 21 22 25 27 | 27.0
Armour         | 14 16 22 23 24 27 | 27.0
Dodging        | 12 14 19 20 21 23 27 | 27.0
Shields        | 15 17 24 26 27 | 27.0
Invocations    | 26 27 | 27.0
Short Blades   | 9 16 18 | 18.0
Long Blades    | 9 16 18 | 18.0
Maces & Flails | 9 16 18 | 18.0
Polearms       | 9 16 18 | 18.0
Staves         | 9 16 18 | 18.0
Unarmed Combat | 9 16 18 | 18.0

Action                   |  1- 3 |  4- 6 |  7- 9 | 10-12 | 13-15 | 16-18 | 19-21 | 22-24 || total
-------------------------+-------+-------+-------+-------+-------+-------+-------+-------++-------
Melee: Executioner's axe |     1 |       |       |     1 |     1 |     5 |     5 |     1 ||    14
Invok: Greater Servant o |       |       |       |       |       |       |     1 |       ||     1
Block: Kite shield       |       |       |       |     1 |       |       |     1 |     1 ||     3
